| TOP OF THE 1ST |
|
Tidewater Tides batting - Pitching for Richmond Braves : RHP Jim Bibby
|
|
Pitching: RHP Jim Bibby
|
|
|
Batting: RHB Anthony Lachowetz
|
0-0: Bunt missed! 0-1: Foul Ball, location: 2F 0-2: Ball 1-2: Foul Ball, location: 2F 1-2: Foul Ball, location: 2F 1-2: SINGLE (Groundball, 6MS, EV 86.9 MPH) (infield hit)
|
|
Batting: RHB German Rivera
|
0-0: SINGLE (Line Drive, 78M, EV 111.3 MPH) Anthony Lachowetz to second
|
|
Batting: RHB Brad Komminsk
|
0-0: Swinging Strike 0-1: Ball 1-1: Ball 2-1: Foul Ball, location: 2F 2-2: Ball 3-2: Foul Ball, location: 2F 3-2: Base on Balls Anthony Lachowetz to third German Rivera to second
|
|
Batting: LHB Dave Kable
|
0-0: Ball 1-0: Foul Ball, location: 2F 1-1: Called Strike 1-2: Ball 2-2: Strikes out swinging
|
|
Batting: RHB Thomas Walker
|
0-0: Foul Ball, location: 2F 0-1: Fielders Choice at 2nd, 3-6 (Groundball, 3, EV 105.0 MPH) Anthony Lachowetz scores German Rivera to third
|
|
Batting: RHB Wayne Wilkerson
|
0-0: Ball 1-0: Foul Ball, location: 2F 1-1: Called Strike 1-2: Ball 2-2: Strikes out looking
|
| Top of the 1st over - 1 run, 2 hits, 0 errors, 2 left on base; Tidewater 1 - Richmond 0 |
| BOTTOM OF THE 1ST |
|
Richmond Braves batting - Pitching for Tidewater Tides : RHP Gary Sarno
|
|
Pitching: RHP Gary Sarno
|
|
|
Batting: RHB Dave Stegman
|
0-0: Called Strike 0-1: Swinging Strike 0-2: Ground out 6-3 (Groundball, 6D, EV 95.0 MPH)
|
|
Batting: RHB Mike Fuentes
|
0-0: Called Strike 0-1: Ball 1-1: Ball 2-1: Fly out, F7 (Line Drive, 7, EV 106.3 MPH)
|
|
Batting: SHB Howard Johnson
|
0-0: Foul Ball, location: 2F 0-1: Ball 1-1: Ball 2-1: Foul Ball, location: 2F 2-2: Ball 3-2: DOUBLE (Line Drive, 7D, EV 94.4 MPH)
|
|
Batting: LHB Chris Evans
|
0-0: Foul Ball, location: 2F 0-1: Swinging Strike 0-2: Foul Ball, location: 2F 0-2: Strikes out looking
|
| Bottom of the 1st over - 0 runs, 1 hit, 0 errors, 1 left on base; Tidewater 1 - Richmond 0 |
| TOP OF THE 2ND |
|
Tidewater Tides batting - Pitching for Richmond Braves : RHP Jim Bibby
|
|
Batting: LHB Thomas Anderson
|
0-0: Ball 1-0: Foul Ball, location: 2F 1-1: SINGLE (Groundball, 34D, EV 96.3 MPH)
|
|
Batting: SHB Julio Valdez
|
0-0: Ball 1-0: Ground out 6-3 (Groundball, 6M, EV 80.0 MPH) Thomas Anderson to second
|
|
Batting: RHB Steve Liddle
|
0-0: Ball 1-0: Foul Ball, location: 2F 1-1: SINGLE (Flyball, 5D, EV 88.8 MPH) Thomas Anderson to third
|
|
Batting: RHB Anthony Lachowetz
|
0-0: Called Strike 0-1: Foul Ball, location: 2F 0-2: Fly out, F9 (Flyball, 9, EV 86.3 MPH) Runner from 3rd tags up, SCORES, throw by RF
|
|
Batting: RHB German Rivera
|
0-0: Called Strike 0-1: Called Strike 0-2: Ball 1-2: Fly out, F8 (Flyball, 8RM, EV 96.3 MPH)
|
| Top of the 2nd over - 1 run, 2 hits, 0 errors, 1 left on base; Tidewater 2 - Richmond 0 |
| BOTTOM OF THE 2ND |
|
Richmond Braves batting - Pitching for Tidewater Tides : RHP Gary Sarno
|
|
Batting: RHB John Freitas
|
0-0: Foul Ball, location: 2F 0-1: Ball 1-1: Swinging Strike 1-2: Ball 2-2: SINGLE (Line Drive, 8LS, EV 100.0 MPH)
|
|
Batting: LHB Matt Winters
|
0-0: Called Strike 0-1: Called Strike 0-2: Ball 1-2: Fly out, F8 (Flyball, 8RXD, EV 92.5 MPH)
|
|
Batting: RHB Craig Kusick
|
0-0: Called Strike 0-1: Ball 1-1: Ball 2-1: Ball 3-1: Foul Ball, location: 2F 3-2: Ground out 5-3 (Groundball, 56, EV 104.4 MPH) John Freitas to second
|
|
Batting: SHB Julio Cruz
|
0-0: Ball 1-0: Called Strike 1-1: Ground out 5-3 (Groundball, 5, EV 88.1 MPH)
|
| Bottom of the 2nd over - 0 runs, 1 hit, 0 errors, 1 left on base; Tidewater 2 - Richmond 0 |
| TOP OF THE 3RD |
|
Tidewater Tides batting - Pitching for Richmond Braves : RHP Jim Bibby
|
|
Batting: RHB Brad Komminsk
|
0-0: Fly out, F9 (Flyball, 9LS, EV 94.4 MPH)
|
|
Batting: LHB Dave Kable
|
0-0: Fly out, F6 (Line Drive, 6, EV 67.5 MPH)
|
|
Batting: RHB Thomas Walker
|
0-0: Called Strike 0-1: Ground out 5-3 (Groundball, 56S, EV 81.3 MPH)
|
| Top of the 3rd over - 0 runs, 0 hits, 0 errors, 0 left on base; Tidewater 2 - Richmond 0 |
| BOTTOM OF THE 3RD |
|
Richmond Braves batting - Pitching for Tidewater Tides : RHP Gary Sarno
|
|
Batting: SHB Donnie Scott
|
0-0: Swinging Strike 0-1: Ball 1-1: Ball 2-1: SINGLE (Groundball, 4MD, EV 107.5 MPH)
|
|
Batting: RHB Dave Stegman
|
0-0: Called Strike 0-1: Swinging Strike 0-2: Ball 1-2: Ball 2-2: SINGLE (Groundball, 56D, EV 100.6 MPH) Donnie Scott to second
|
|
Batting: RHB Mike Fuentes
|
0-0: Foul Ball, location: 2F 0-1: Ball 1-1: Called Strike 1-2: Foul Ball, location: 2F 1-2: Foul Ball, location: 2F 1-2: Fielders Choice at 2nd, 4-6 (Groundball, 4, EV 102.5 MPH) Donnie Scott to third
|
|
Batting: SHB Howard Johnson
|
0-0: Ball Mike Fuentes steals 2nd base 1-0: Called Strike 1-1: Ball 2-1: Swinging Strike 2-2: Strikes out swinging
|
|
Batting: LHB Chris Evans
|
0-0: Called Strike 0-1: Ball 1-1: Ball 2-1: Swinging Strike 2-2: Foul Ball, location: 2F 2-2: Fly out, F8 (Line Drive, 8LM, EV 91.3 MPH)
|
| Bottom of the 3rd over - 0 runs, 2 hits, 0 errors, 2 left on base; Tidewater 2 - Richmond 0 |
| TOP OF THE 4TH |
|
Tidewater Tides batting - Pitching for Richmond Braves : RHP Jim Bibby
|
|
Batting: RHB Wayne Wilkerson
|
0-0: Swinging Strike 0-1: Ball 1-1: Swinging Strike 1-2: Strikes out swinging
|
|
Batting: LHB Thomas Anderson
|
0-0: Called Strike 0-1: Fly out, F4 (Line Drive, 4, EV 71.3 MPH)
|
|
Batting: SHB Julio Valdez
|
0-0: Called Strike 0-1: Foul Ball, location: 2F 0-2: Ball 1-2: Foul Ball, location: 2F 1-2: Ground out 4-3 (Groundball, 4, EV 83.8 MPH)
|
| Top of the 4th over - 0 runs, 0 hits, 0 errors, 0 left on base; Tidewater 2 - Richmond 0 |
| BOTTOM OF THE 4TH |
|
Richmond Braves batting - Pitching for Tidewater Tides : RHP Gary Sarno
|
|
Batting: RHB John Freitas
|
0-0: Called Strike 0-1: Foul Ball, location: 2F 0-2: Ball 1-2: Ball 2-2: Ball 3-2: SOLO HOME RUN (Flyball, 7D, EV 110.6 MPH), Distance : 358 ft
|
|
Batting: LHB Matt Winters
|
0-0: Called Strike 0-1: Called Strike 0-2: Strikes out swinging
|
|
Batting: RHB Craig Kusick
|
0-0: Called Strike 0-1: Fly out, F9 (Line Drive, 9D, EV 88.1 MPH)
|
|
Batting: SHB Julio Cruz
|
0-0: Ball 1-0: Foul Ball, location: 2F 1-1: SINGLE (Groundball, 4MS, EV 61.9 MPH) (infield hit)
|
|
Batting: SHB Donnie Scott
|
0-0: Swinging Strike 0-1: Called Strike Julio Cruz steals 2nd base 0-2: Ball 1-2: SINGLE (Groundball, 6MD, EV 95.6 MPH) Julio Cruz to third Runner from 3rd tries for Home, SAFE, throw by CF to home Donnie Scott to second
|
|
Batting: RHB Dave Stegman
|
0-0: Ball 1-0: Ball 2-0: SINGLE (Flyball, 4D, EV 90.0 MPH) Donnie Scott to third Runner from 3rd tries for Home, SAFE, throw by RF to home
|
|
Batting: RHB Mike Fuentes
|
0-0: Ball 1-0: Fielders Choice at 2nd, 6-4 (Groundball, 6D, EV 85.0 MPH)
|
| Bottom of the 4th over - 3 runs, 4 hits, 0 errors, 1 left on base; Tidewater 2 - Richmond 3 |
| TOP OF THE 5TH |
|
Tidewater Tides batting - Pitching for Richmond Braves : RHP Jim Bibby
|
|
Batting: RHB Steve Liddle
|
0-0: Fly out, F7 (Line Drive, 7, EV 91.9 MPH)
|
|
Batting: RHB Anthony Lachowetz
|
0-0: Called Strike 0-1: Bunt missed! 0-2: Ball 1-2: Fly out, F7 (Flyball, 7, EV 81.3 MPH)
|
|
Batting: RHB German Rivera
|
0-0: Swinging Strike 0-1: Fly out, F8 (Flyball, 89S, EV 91.3 MPH)
|
| Top of the 5th over - 0 runs, 0 hits, 0 errors, 0 left on base; Tidewater 2 - Richmond 3 |
| BOTTOM OF THE 5TH |
|
Richmond Braves batting - Pitching for Tidewater Tides : RHP Gary Sarno
|
|
Batting: SHB Howard Johnson
|
0-0: Ball 1-0: Fly out, F4 (Popup, 23, EV 86.3 MPH)
|
|
Batting: LHB Chris Evans
|
0-0: Ball 1-0: Fly out, F7 (Flyball, 7LD, EV 110.6 MPH)
|
|
Batting: RHB John Freitas
|
0-0: Fly out, F8 (Line Drive, 8RM, EV 100.6 MPH)
|
| Bottom of the 5th over - 0 runs, 0 hits, 0 errors, 0 left on base; Tidewater 2 - Richmond 3 |
| TOP OF THE 6TH |
|
Tidewater Tides batting - Pitching for Richmond Braves : RHP Jim Bibby
|
|
Batting: RHB Brad Komminsk
|
0-0: Ball 1-0: Swinging Strike 1-1: Called Strike 1-2: Strikes out swinging
|
|
Batting: LHB Dave Kable
|
0-0: Foul Ball, location: 2F 0-1: Foul Ball, location: 2F 0-2: Ball 1-2: Strikes out looking
|
|
Batting: RHB Thomas Walker
|
0-0: Reached via error on a dropped throw from 2B, E3 (Groundball, 4MS, EV 67.5 MPH)
|
|
Batting: RHB Wayne Wilkerson
|
0-0: Called Strike 0-1: Called Strike 0-2: Foul Ball, location: 2F 0-2: Fly out, F4 (Popup, 4, EV 64.4 MPH)
|
| Top of the 6th over - 0 runs, 0 hits, 1 error, 1 left on base; Tidewater 2 - Richmond 3 |
| BOTTOM OF THE 6TH |
|
Richmond Braves batting - Pitching for Tidewater Tides : RHP Gary Sarno
|
|
Batting: LHB Matt Winters
|
0-0: Ball 1-0: Foul Ball, location: 2F 1-1: Called Strike 1-2: Ball 2-2: Foul Ball, location: 2F 2-2: Foul Ball, location: 2F 2-2: Foul Ball, location: 2F 2-2: Ball 3-2: Ground out 5-3 (Groundball, 56S, EV 83.8 MPH)
|
|
Batting: RHB Craig Kusick
|
0-0: Called Strike 0-1: Foul Ball, location: 2F 0-2: Ball 1-2: Strikes out swinging
|
|
Batting: SHB Julio Cruz
|
0-0: Foul Ball, location: 2F 0-1: Foul Ball, location: 2F 0-2: TRIPLE (Line Drive, 89XD, EV 112.5 MPH)
|
|
Batting: SHB Donnie Scott
|
0-0: Ground out U3 (Groundball, 3, EV 82.5 MPH)
|
| Bottom of the 6th over - 0 runs, 1 hit, 0 errors, 1 left on base; Tidewater 2 - Richmond 3 |
| TOP OF THE 7TH |
|
Tidewater Tides batting - Pitching for Richmond Braves : RHP Jim Bibby
|
|
Batting: LHB Thomas Anderson
|
0-0: Called Strike 0-1: Fly out, F4 (Flyball, 34D, EV 82.5 MPH)
|
|
Batting: SHB Julio Valdez
|
0-0: Ball 1-0: SINGLE (Flyball, 4MD, EV 86.3 MPH)
|
|
Batting: RHB Steve Liddle
|
0-0: Fielders Choice at 2nd, 6-4 (Groundball, 6D, EV 92.5 MPH)
|
|
Batting: RHB Anthony Lachowetz
|
0-0: Called Strike 0-1: Swinging Strike 0-2: Ball 1-2: Strikes out swinging
|
| Top of the 7th over - 0 runs, 1 hit, 0 errors, 1 left on base; Tidewater 2 - Richmond 3 |
| BOTTOM OF THE 7TH |
|
Richmond Braves batting - Pitching for Tidewater Tides : RHP Gary Sarno
|
|
Batting: RHB Dave Stegman
|
0-0: Ball 1-0: Ball 2-0: Ball 3-0: Called Strike 3-1: Fly out, F4 (Popup, 4S, EV 78.1 MPH)
|
|
Batting: RHB Mike Fuentes
|
0-0: Swinging Strike 0-1: Called Strike 0-2: Foul Ball, location: 2F 0-2: Ball 1-2: Ground out 6-3 (Groundball, 6M, EV 100.0 MPH)
|
|
Batting: SHB Howard Johnson
|
0-0: Called Strike 0-1: Ball 1-1: Ball 2-1: Fly out, F8 (Flyball, 78D, EV 102.5 MPH)
|
| Bottom of the 7th over - 0 runs, 0 hits, 0 errors, 0 left on base; Tidewater 2 - Richmond 3 |
| TOP OF THE 8TH |
|
Tidewater Tides batting - Pitching for Richmond Braves : RHP Jim Bibby
|
|
Batting: RHB German Rivera
|
0-0: Swinging Strike 0-1: Ground out 6-3 (Groundball, 6, EV 80.6 MPH)
|
|
Batting: RHB Brad Komminsk
|
0-0: Called Strike 0-1: Foul Ball, location: 2F 0-2: Ball 1-2: Ball 2-2: Foul Ball, location: 2F 2-2: Ground out 1-3 (Groundball, 13, EV 74.4 MPH)
|
|
Batting: LHB Dave Kable
|
0-0: Swinging Strike 0-1: Foul Ball, location: 2F 0-2: Ball 1-2: Foul Ball, location: 2F 1-2: Strikes out swinging, 2-3 out at first.
|
| Top of the 8th over - 0 runs, 0 hits, 0 errors, 0 left on base; Tidewater 2 - Richmond 3 |
| BOTTOM OF THE 8TH |
|
Richmond Braves batting - Pitching for Tidewater Tides : RHP Gary Sarno
|
|
Batting: LHB Chris Evans
|
0-0: Called Strike 0-1: Reached on error, E6 (Groundball, 6S, EV 88.8 MPH)
|
|
Batting: RHB John Freitas
|
0-0: Ball 1-0: Ball 2-0: Fly out, F8 (Flyball, 8RS, EV 82.5 MPH)
|
|
Pitching: RHP Steve Murray
|
|
|
Batting: LHB Matt Winters
|
0-0: Ball 1-0: Foul Ball, location: 2F 1-1: Foul Ball, location: 2F 1-2: Ball 2-2: Foul Ball, location: 2F 2-2: SINGLE (Groundball, 34D, EV 95.0 MPH) Chris Evans to second Runner from 2nd tries for 3rd, SAFE, throw by RF made to third
|
|
Batting: RHB Craig Kusick
|
0-0: Called Strike 0-1: Ball 1-1: SINGLE (Line Drive, 56, EV 100.6 MPH) Chris Evans scores Matt Winters to second
|
|
Batting: SHB Julio Cruz
|
0-0: Called Strike 0-1: Ball 1-1: Fly out, F7 (Flyball, 7S, EV 90.0 MPH)
|
|
Batting: SHB Donnie Scott
|
0-0: Ball 1-0: Called Strike 1-1: Foul Ball, location: 2F 1-2: Foul Ball, location: 2F 1-2: DOUBLE (Line Drive, 9LD, EV 108.8 MPH) Matt Winters scores Craig Kusick to third
|
|
Batting: RHB Dave Stegman
|
0-0: Ball 1-0: Ball 2-0: Ball 3-0: Base on Balls
|
|
Batting: RHB Mike Fuentes
|
0-0: Ball 1-0: Foul Ball, location: 2F 1-1: Ball 2-1: SINGLE (Groundball, 34D, EV 108.8 MPH) (infield hit) Craig Kusick scores Donnie Scott to third Dave Stegman to second
|
|
Batting: SHB Howard Johnson
|
0-0: Called Strike 0-1: Ball 1-1: Foul Ball, location: 2F 1-2: Ball 2-2: Ball 3-2: Base on Balls Donnie Scott scores Dave Stegman to third Mike Fuentes to second
|
|
Pitching: RHP Richard Dierker
|
|
|
Batting: LHB Chris Evans
|
0-0: Called Strike 0-1: Fly out, F4 (Popup, 4M, EV 58.8 MPH)
|
| Bottom of the 8th over - 4 runs, 4 hits, 1 error, 3 left on base; Tidewater 2 - Richmond 7 |
| TOP OF THE 9TH |
|
Tidewater Tides batting - Pitching for Richmond Braves : RHP Jim Bibby
|
|
Batting: RHB Thomas Walker
|
0-0: Ball 1-0: Ball 2-0: Ball 3-0: Called Strike 3-1: Fly out, F8 (Flyball, 89M, EV 97.5 MPH)
|
|
Batting: RHB Wayne Wilkerson
|
0-0: Ball 1-0: Called Strike 1-1: Reached on error, E5 (Groundball, 5S, EV 88.1 MPH)
|
|
Batting: LHB Thomas Anderson
|
0-0: Called Strike 0-1: Fly out, F9 (Flyball, 9D, EV 89.4 MPH)
|
|
Batting: SHB Julio Valdez
|
0-0: Foul Ball, location: 2F 0-1: DOUBLE (Groundball, 5L, EV 108.1 MPH) Wayne Wilkerson to third
|
|
Batting: RHB Steve Liddle
|
0-0: Called Strike 0-1: Called Strike 0-2: Ball 1-2: Ball 2-2: Ball 3-2: SINGLE (Groundball, 4M, EV 107.5 MPH) (infield hit) Wayne Wilkerson scores Julio Valdez to third
|
|
Batting: RHB Anthony Lachowetz
|
0-0: Called Strike 0-1: Ball 1-1: Foul Ball, location: 2F 1-2: Ball 2-2: Foul Ball, location: 2F 2-2: Ball 3-2: Base on Balls Steve Liddle to second
|
|
Pitching: LHP Richard Mahlmann
|
|
|
Batting: RHB German Rivera
|
0-0: Ball 1-0: Ball 2-0: Ball 3-0: Called Strike 3-1: Base on Balls Julio Valdez scores Steve Liddle to third Anthony Lachowetz to second
|
|
Batting: RHB Brad Komminsk
|
0-0: Ball 1-0: Fielders Choice at 2nd, 6-4 (Groundball, 6, EV 76.3 MPH)
|
| Top of the 9th over - 2 runs, 2 hits, 1 error, 3 left on base; Tidewater 4 - Richmond 7 |
|